[Event "Cracovia Chess Festival A 2021"]
[Site "Cracow"]
[Date "2022.01.02"]
[Round "7.3"]
[White "Horvath, Dominik"]
[Black "Pniaczek, Marek"]
[Result "1-0"]
[ECO "C88"]
[WhiteElo "2478"]
[BlackElo "2329"]
[Annotator "ChessBase"]
[PlyCount "63"]
[EventDate "2021.12.27"]
[EventCountry "POL"]
[SourceTitle "playchess.com"]
[Source "ChessBase"]
[SourceQuality "1"]
[TimeControl "40/5400+30:1800+30"]

1. e4 e5 2. Nf3 Nc6 3. Bb5 a6 4. Ba4 Nf6 5. O-O Be7 6. Re1 b5 7. Bb3 O-O 8. a4 Bb7 9. d3 d6 10. Bd2 Qd7 11. h3 h6 12. Nc3 Na5 13. Ba2 c5 14. Ne2 Nc6 15. Ng3 Rfe8 16. Nh2 Bf8 17. Nh5 Qe7 18. Re3 Nd8 19. Rg3 Kh8 20. Nxf6 Qxf6 21. Ng4 Qh4 22. Qf3 Be7 23. Ne3 Bc8 24. Bd5 Rb8 25. axb5 axb5 26. Ra7 Be6 27. Nf5 Bxf5 28. Qxf5 Bf6 29. Rg4 g6 30. Qd7 Re7 31. Rxh4 Rxd7 32. Rxh6+ 1-0

[Event "Cracovia Chess Festival A 2021"]
[Site "Cracow"]
[Date "2022.01.02"]
[Round "7.4"]
[White "Jarmula, Lukasz"]
[Black "Cukrowski, Filip"]
[Result "1-0"]
[ECO "D02"]
[WhiteElo "2426"]
[BlackElo "2367"]
[Annotator "ChessBase"]
[PlyCount "38"]
[EventDate "2021.12.27"]
[EventCountry "POL"]
[SourceTitle "playchess.com"]
[Source "ChessBase"]
[SourceQuality "1"]
[TimeControl "40/5400+30:1800+30"]

1. d4 d5 2. Nf3 Nf6 3. Bf4 c5 4. e3 Nc6 5. Be2 cxd4 6. exd4 g6 7. Nbd2 Bg7 8. O-O O-O 9. c3 Nh5 10. Be3 Qc7 11. Re1 Bd7 12. b4 Nf6 13. h3 Rad8 14. a4 e5 15. dxe5 Ne4 16. Rc1 Nxe5 17. Bd4 Nxf3+ 18. Bxf3 Bh6 19. Bxe4 Bxa4 1-0

[Event "Cracovia Chess Festival A 2021"]
[Site "Cracow"]
[Date "2022.01.02"]
[Round "7.5"]
[White "Chakravarthi Reddy, M."]
[Black "Golubka, Petro"]
[Result "1/2-1/2"]
[ECO "E12"]
[WhiteElo "2342"]
[BlackElo "2408"]
[Annotator "ChessBase"]
[PlyCount "101"]
[EventDate "2021.12.27"]
[EventCountry "POL"]
[SourceTitle "playchess.com"]
[Source "ChessBase"]
[SourceQuality "1"]
[TimeControl "40/5400+30:1800+30"]

1. d4 Nf6 2. c4 e6 3. Nf3 b6 4. a3 Bb7 5. Nc3 Ne4 6. Nxe4 Bxe4 7. Nd2 Bg6 8. g3 Nc6 9. e3 Be7 10. Bg2 O-O 11. b4 Rb8 12. Bb2 a5 13. d5 Na7 14. O-O axb4 15. axb4 Nc8 16. Qb3 Bf6 17. e4 Bxb2 18. Qxb2 f6 19. f4 Nd6 20. Rfe1 h5 21. dxe6 dxe6 22. e5 fxe5 23. Qxe5 Bf5 24. Rad1 Qf6 25. Qxf6 gxf6 26. Bf3 Bg4 27. Bxg4 hxg4 28. Rxe6 Rbd8 29. Ree1 Kf7 30. c5 Nf5 31. Nb3 Rfe8 32. Kf2 Rxd1 33. Rxd1 Re4 34. Rd7+ Kg6 35. Rxc7 Rxb4 36. Nd2 Rb2 37. Ke1 bxc5 38. Rxc5 Ra2 39. Rc3 Rb2 40. Rd3 Ra2 41. Ke2 Rb2 42. Rd8 Kf7 43. Kd3 Ra2 44. Rb8 Nd6 45. Rd8 Nf5 46. Rc8 Ra3+ 47. Rc3 Ra4 48. Rc7+ Kg6 49. Rc4 Ra3+ 50. Rc3 Ra4 51. Rc4 1/2-1/2

[Event "Cracovia Chess Festival A 2021"]
[Site "Cracow"]
[Date "2022.01.02"]
[Round "7.6"]
[White "Dzida, Kamil"]
[Black "Zylka, Stanislaw"]
[Result "0-1"]
[ECO "C11"]
[WhiteElo "2238"]
[BlackElo "2406"]
[Annotator "ChessBase"]
[PlyCount "56"]
[EventDate "2021.12.27"]
[EventCountry "POL"]
[SourceTitle "playchess.com"]
[Source "ChessBase"]
[SourceQuality "1"]
[TimeControl "40/5400+30:1800+30"]

1. e4 e6 2. d4 d5 3. Nc3 Nf6 4. e5 Nfd7 5. f4 c5 6. Nf3 Nc6 7. Be3 Be7 8. Qd2 O-O 9. dxc5 Qa5 10. O-O-O b6 11. Bb5 Nb4 12. a3 bxc5 13. Kb1 Rb8 14. Bxd7 Bxd7 15. Ne4 dxe4 16. axb4 Rxb4 17. Qc3 Bc6 18. Nd2 Bd5 19. Nb3 Qb5 20. f5 Rb8 21. Bc1 Bxb3 22. f6 Bf8 23. cxb3 Rxb3 24. Qc2 c4 25. Rhf1 c3 26. fxg7 Bxg7 27. Qf2 Kh8 28. h4 e3 0-1

[Event "Cracovia Chess Festival A 2021"]
[Site "Cracow"]
[Date "2022.01.02"]
[Round "7.7"]
[White "Kacprzak, Kacper"]
[Black "Pacan-Milej, Kosma"]
[Result "1/2-1/2"]
[ECO "B15"]
[WhiteElo "2219"]
[BlackElo "2401"]
[Annotator "ChessBase"]
[PlyCount "35"]
[EventDate "2021.12.27"]
[EventCountry "POL"]
[SourceTitle "playchess.com"]
[Source "ChessBase"]
[SourceQuality "1"]
[TimeControl "40/5400+30:1800+30"]

1. e4 c6 2. d4 d5 3. Nc3 dxe4 4. Nxe4 Nf6 5. Nxf6+ exf6 6. c3 Bd6 7. Bd3 O-O 8. Qc2 Re8+ 9. Ne2 h5 10. O-O h4 11. h3 Nd7 12. Bd2 Nf8 13. Rae1 Be6 14. f4 c5 15. Kh1 Rc8 16. c4 Qc7 17. b3 Bd7 18. Qb1 1/2-1/2

[Event "Cracovia Chess Festival A 2021"]
[Site "Cracow"]
[Date "2022.01.02"]
[Round "7.9"]
[White "Gahan M G"]
[Black "Danielyan, Vahe"]
[Result "1/2-1/2"]
[ECO "C44"]
[WhiteElo "2248"]
[BlackElo "2332"]
[Annotator "ChessBase"]
[PlyCount "37"]
[EventDate "2021.12.27"]
[EventCountry "POL"]
[SourceTitle "playchess.com"]
[Source "ChessBase"]
[SourceQuality "1"]
[TimeControl "40/5400+30:1800+30"]

1. e4 e5 2. Nf3 Nc6 3. d4 exd4 4. Nxd4 Bb4+ 5. Nc3 Nf6 6. Nxc6 bxc6 7. Bd3 d5 8. exd5 O-O 9. O-O cxd5 10. Bg5 c6 11. Qf3 Bd6 12. Rae1 Rb8 13. b3 Rb4 14. h3 a5 15. Ne2 Bc7 16. Ng3 Qd6 17. Bxf6 Qxf6 18. Qxf6 gxf6 19. Re7 1/2-1/2

[Event "Cracovia Chess Festival A 2021"]
[Site "Cracow"]
[Date "2022.01.02"]
[Round "7.10"]
[White "Dev, Shah"]
[Black "Sengupta, Deep"]
[Result "0-1"]
[ECO "A40"]
[WhiteElo "2243"]
[BlackElo "2520"]
[Annotator "ChessBase"]
[PlyCount "58"]
[EventDate "2021.12.27"]
[EventCountry "POL"]
[SourceTitle "playchess.com"]
[Source "ChessBase"]
[SourceQuality "1"]
[TimeControl "40/5400+30:1800+30"]

1. d4 b6 2. c4 Bb7 3. Nf3 e6 4. g3 c5 5. d5 b5 6. e4 Ne7 7. Nc3 b4 8. Nb5 Ng6 9. d6 Na6 10. Qd3 Qb6 11. Be3 Rc8 12. Bg2 f6 13. h4 h5 14. O-O Nb8 15. e5 Kf7 16. exf6 gxf6 17. a4 Bxf3 18. Bxf3 Ne5 19. Qe2 Nxf3+ 20. Qxf3 a6 21. a5 Qc6 22. Qe2 Qb7 23. Rfd1 Nc6 24. Bxc5 Ne5 25. f4 Rxc5 26. fxe5 Rxe5 27. Qf1 axb5 28. a6 Qa7+ 29. Kh2 Rf5 0-1

[Event "Cracovia Chess Festival A 2021"]
[Site "Cracow"]
[Date "2022.01.02"]
[Round "7.11"]
[White "Luberanski, Jakub"]
[Black "Niedbala, Bartlomiej"]
[Result "0-1"]
[ECO "A50"]
[WhiteElo "2166"]
[BlackElo "2385"]
[Annotator "ChessBase"]
[PlyCount "98"]
[EventDate "2021.12.27"]
[EventCountry "POL"]
[SourceTitle "playchess.com"]
[Source "ChessBase"]
[SourceQuality "1"]
[TimeControl "40/5400+30:1800+30"]

1. d4 Nf6 2. c4 a6 3. Nc3 c5 4. dxc5 e6 5. e4 Nc6 6. Be3 Qa5 7. Qa4 Qxa4 8. Nxa4 Nxe4 9. f3 Nf6 10. O-O-O Be7 11. Nb6 Rb8 12. Nh3 Bd8 13. Rd6 Ke7 14. Rd2 Bxb6 15. cxb6 d6 16. Be2 e5 17. Nf2 Be6 18. Ne4 Nxe4 19. fxe4 Rbc8 20. b3 Nb8 21. a4 a5 22. Rhd1 Rc6 23. Rd5 Bxd5 24. Rxd5 Nd7 25. Rxa5 Nc5 26. Kc2 Nxe4 27. Bf3 f5 28. Ra7 Rb8 29. a5 d5 30. a6 d4 31. Bxe4 fxe4 32. Bg5+ Kd7 33. axb7 Rxb6 34. Ra5 Ke6 35. Bh4 R8xb7 36. Bg3 Rxb3 37. Rxe5+ Kf7 38. Rxe4 Rc3+ 39. Kd1 Rb1+ 40. Kd2 Rb2+ 41. Kd1 Rxc4 42. Rf4+ Kg8 43. Bf2 Ra4 44. Kc1 Raa2 45. Bxd4 Rxg2 46. h4 Rh2 47. Kb1 Rae2 48. Rf1 Rxh4 49. Bc5 h6 0-1

[Event "Cracovia Chess Festival A 2021"]
[Site "Cracow"]
[Date "2022.01.02"]
[Round "7.12"]
[White "Lewtak, Damian"]
[Black "Luczak, Filip"]
[Result "1/2-1/2"]
[ECO "C01"]
[WhiteElo "2383"]
[BlackElo "2273"]
[Annotator "ChessBase"]
[PlyCount "49"]
[EventDate "2021.12.27"]
[EventCountry "POL"]
[SourceTitle "playchess.com"]
[Source "ChessBase"]
[SourceQuality "1"]
[TimeControl "40/5400+30:1800+30"]

1. d4 e6 2. e4 d5 3. exd5 exd5 4. Nf3 Nf6 5. c4 Be7 6. Bd3 dxc4 7. Bxc4 O-O 8. h3 Bf5 9. O-O Nbd7 10. Nh4 Bg6 11. Nxg6 hxg6 12. Nc3 Nb6 13. Bb3 c6 14. Qd3 Nbd5 15. Bg5 Qd7 16. Rad1 Rad8 17. Rfe1 Rfe8 18. Re5 Nxc3 19. bxc3 Nd5 20. Bd2 Bd6 21. Ree1 Rxe1+ 22. Rxe1 Re8 23. Rxe8+ Qxe8 24. Kf1 Kf8 25. g3 1/2-1/2

[Event "Cracovia Chess Festival A 2021"]
[Site "Cracow"]
[Date "2022.01.02"]
[Round "7.13"]
[White "Sinz, Bernhard"]
[Black "Kacprzak, Karol"]
[Result "0-1"]
[ECO "B99"]
[WhiteElo "2330"]
[BlackElo "2226"]
[Annotator "ChessBase"]
[PlyCount "48"]
[EventDate "2021.12.27"]
[EventCountry "POL"]
[SourceTitle "playchess.com"]
[Source "ChessBase"]
[SourceQuality "1"]
[TimeControl "40/5400+30:1800+30"]

1. e4 c5 2. Nf3 d6 3. d4 cxd4 4. Nxd4 Nf6 5. Nc3 a6 6. Bg5 e6 7. f4 Be7 8. Qf3 Qc7 9. O-O-O Nbd7 10. f5 e5 11. Nde2 b5 12. Bxf6 Nxf6 13. Nd5 Nxd5 14. exd5 b4 15. Ng3 O-O 16. Kb1 f6 17. h4 Bd7 18. Ne4 a5 19. g4 a4 20. b3 axb3 21. cxb3 Rxa2 22. Bc4 Qa7 23. Rhf1 Ra8 24. g5 Rh2 0-1

[Event "Cracovia Chess Festival A 2021"]
[Site "Cracow"]
[Date "2022.01.02"]
[Round "7.14"]
[White "Karsay, Pascal"]
[Black "Vardanyan, Aras"]
[Result "1/2-1/2"]
[ECO "A04"]
[WhiteElo "2322"]
[BlackElo "2222"]
[Annotator "ChessBase"]
[PlyCount "58"]
[EventDate "2021.12.27"]
[EventCountry "POL"]
[SourceTitle "playchess.com"]
[Source "ChessBase"]
[SourceQuality "1"]
[TimeControl "40/5400+30:1800+30"]

1. Nf3 d6 2. d4 g6 3. e4 Bg7 4. Bc4 Nf6 5. Qe2 c6 6. e5 Nd5 7. h3 O-O 8. O-O a5 9. a4 Na6 10. Rd1 Nac7 11. Ra3 Qe8 12. Rb3 b5 13. Bxd5 Nxd5 14. Nc3 b4 15. Nxd5 cxd5 16. Bg5 f6 17. exf6 exf6 18. Qxe8 Rxe8 19. Bf4 Bf5 20. Rd2 Bd7 21. Re3 Bxa4 22. Rxe8+ Rxe8 23. b3 Bd7 24. Bxd6 Rc8 25. Ne1 Bb5 26. Nd3 Bxd3 27. cxd3 Bf8 28. Bxf8 Kxf8 29. Ra2 Rc1+ 1/2-1/2

[Event "Cracovia Chess Festival A 2021"]
[Site "Cracow"]
[Date "2022.01.02"]
[Round "7.16"]
[White "Georgakopoulos, Nikolaos K."]
[Black "Paszewski, Mateusz"]
[Result "1-0"]
[ECO "B10"]
[WhiteElo "2159"]
[BlackElo "2300"]
[Annotator "ChessBase"]
[PlyCount "65"]
[EventDate "2021.12.27"]
[EventCountry "POL"]
[SourceTitle "playchess.com"]
[Source "ChessBase"]
[SourceQuality "1"]
[TimeControl "40/5400+30:1800+30"]

1. e4 c6 2. Nc3 d5 3. Nf3 dxe4 4. Nxe4 Nf6 5. Qe2 Nxe4 6. Qxe4 Nd7 7. Bc4 Nf6 8. Ne5 e6 9. Qe2 b5 10. Bd3 Qc7 11. a4 b4 12. b3 Bb7 13. Bb2 Be7 14. O-O-O Nd5 15. g3 Bf6 16. f4 O-O-O 17. Rhf1 g6 18. Kb1 h5 19. h3 Kb8 20. a5 Rhe8 21. a6 Ba8 22. Be4 Kc8 23. Rde1 Re7 24. Bxd5 exd5 25. g4 hxg4 26. Qxg4+ Kb8 27. Nd7+ Rexd7 28. Bxf6 c5 29. Bxd8 Rxd8 30. f5 c4 31. fxg6 cxb3 32. Qxb4+ Kc8 33. cxb3 1-0

[Event "Cracovia Chess Festival A 2021"]
[Site "Cracow"]
[Date "2022.01.02"]
[Round "7.20"]
[White "Raczynski, Krzysztof"]
[Black "Suder, Jakub"]
[Result "1/2-1/2"]
[ECO "B32"]
[WhiteElo "2194"]
[BlackElo "2349"]
[Annotator "ChessBase"]
[PlyCount "62"]
[EventDate "2021.12.27"]
[EventCountry "POL"]
[SourceTitle "playchess.com"]
[Source "ChessBase"]
[SourceQuality "1"]
[TimeControl "40/5400+30:1800+30"]

1. e4 c5 2. Nf3 Nc6 3. d4 cxd4 4. Nxd4 e5 5. Nb5 d6 6. c4 Be7 7. N1c3 a6 8. Na3 f5 9. exf5 Bxf5 10. Bd3 Be6 11. O-O Nf6 12. Nc2 O-O 13. Nd5 Kh8 14. Nce3 Nd4 15. b3 Rc8 16. Bb2 Nxd5 17. Nxd5 Bxd5 18. cxd5 Qe8 19. Be4 Bd8 20. Qg4 Bb6 21. g3 g6 22. Rac1 Nf5 23. Bxf5 Rxf5 24. Qe2 Rxc1 25. Bxc1 Qf7 26. g4 Rf3 27. Be3 Bxe3 28. fxe3 Rxf1+ 29. Qxf1 Kg7 30. Qxf7+ Kxf7 31. e4 Ke7 1/2-1/2

[Event "Cracovia Chess Festival A 2021"]
[Site "Cracow"]
[Date "2022.01.02"]
[Round "7.22"]
[White "Tsaknakis, Zisis"]
[Black "Redzisz, Michal"]
[Result "1-0"]
[ECO "A05"]
[WhiteElo "2202"]
[BlackElo "2261"]
[Annotator "ChessBase"]
[PlyCount "80"]
[EventDate "2021.12.27"]
[EventCountry "POL"]
[SourceTitle "playchess.com"]
[Source "ChessBase"]
[SourceQuality "1"]
[TimeControl "40/5400+30:1800+30"]

1. Nf3 Nf6 2. g3 d5 3. Bg2 g6 4. O-O Bg7 5. d3 O-O 6. Nbd2 b6 7. e4 dxe4 8. dxe4 Bb7 9. Qe2 e6 10. e5 Nfd7 11. Nc4 Nc6 12. Bf4 h6 13. h4 Qe7 14. Ne3 Qc5 15. Ng4 Kh7 16. Rad1 Rad8 17. Bxh6 Bxh6 18. Rxd7 Ba6 19. Qxa6 Nb8 20. Nf6+ Kg7 21. Qd3 Nxd7 22. Nxd7 Qc6 23. Rd1 Rfe8 24. Ng5 Qa4 25. Ne4 Re7 26. Nef6 Kh8 27. b3 Qb4 28. Qc4 Qxc4 29. bxc4 Bg7 30. Bc6 Bxf6 31. exf6 Ree8 32. Re1 Kh7 33. Re5 Kh6 34. Kg2 Rg8 35. f4 a5 36. a4 Rh8 37. g4 Rhg8 38. Kg3 Kh7 39. h5 Rh8 40. hxg6+ Kg8 1-0

[Event "Cracovia Chess Festival A 2021"]
[Site "Cracow"]
[Date "2022.01.02"]
[Round "7.23"]
[White "Kyc, Jerzy"]
[Black "Krawczyk, Flawian"]
[Result "1/2-1/2"]
[ECO "B94"]
[WhiteElo "2250"]
[BlackElo "2114"]
[Annotator "ChessBase"]
[PlyCount "46"]
[EventDate "2021.12.27"]
[EventCountry "POL"]
[SourceTitle "playchess.com"]
[Source "ChessBase"]
[SourceQuality "1"]
[TimeControl "40/5400+30:1800+30"]

1. e4 c5 2. Nf3 d6 3. d4 cxd4 4. Nxd4 Nf6 5. Nc3 a6 6. Bg5 Nbd7 7. f4 Qc7 8. Qf3 h6 9. Bxf6 Nxf6 10. f5 Qc5 11. O-O-O g5 12. Nd5 Nxd5 13. exd5 Bg7 14. c3 Bf6 15. Be2 b5 16. Qe4 Bb7 17. Nc6 Bxc6 18. dxc6 Qe5 19. Bf3 Qxe4 20. Bxe4 Ra7 21. Kc2 Kd8 22. Bd5 Rf8 23. a4 Kc7 1/2-1/2

[Event "Cracovia Chess Festival A 2021"]
[Site "Cracow"]
[Date "2022.01.02"]
[Round "7.24"]
[White "Barath Kalyan M"]
[Black "Kopylov, Michael"]
[Result "1/2-1/2"]
[ECO "A05"]
[WhiteElo "2103"]
[BlackElo "2391"]
[Annotator "ChessBase"]
[PlyCount "61"]
[EventDate "2021.12.27"]
[EventCountry "POL"]
[SourceTitle "playchess.com"]
[Source "ChessBase"]
[SourceQuality "1"]
[TimeControl "40/5400+30:1800+30"]

1. Nf3 Nf6 2. c4 g6 3. Nc3 Bg7 4. g3 O-O 5. Bg2 Nc6 6. O-O d6 7. d3 e5 8. Rb1 a5 9. a3 Re8 10. Bg5 Nd4 11. Nd2 c6 12. Nde4 Ne6 13. Bxf6 Bxf6 14. Nxf6+ Qxf6 15. e3 Ng5 16. h4 Nh3+ 17. Kh2 Nxf2 18. Ne4 Nxe4 19. Rxf6 Nxf6 20. e4 Ng4+ 21. Kg1 Kg7 22. Qf3 h5 23. Rf1 f6 24. Bh3 Rf8 25. b3 Be6 26. Bxg4 Bxg4 27. Qe3 c5 28. Qd2 b6 29. Rb1 Rf7 30. Qc3 Rfa7 31. Kg2 1/2-1/2

[Event "Cracovia Chess Festival A 2021"]
[Site "Cracow"]
[Date "2022.01.02"]
[Round "7.26"]
[White "Sernecki, Franciszek"]
[Black "Godzwon, Iwo"]
[Result "0-1"]
[ECO "E16"]
[WhiteElo "2220"]
[BlackElo "2352"]
[Annotator "ChessBase"]
[PlyCount "92"]
[EventDate "2021.12.27"]
[EventCountry "POL"]
[SourceTitle "playchess.com"]
[Source "ChessBase"]
[SourceQuality "1"]
[TimeControl "40/5400+30:1800+30"]

1. d4 Nf6 2. c4 e6 3. Nf3 b6 4. g3 Bb7 5. Bg2 Bb4+ 6. Bd2 a5 7. O-O O-O 8. Bg5 Be7 9. Nc3 Ne4 10. Nxe4 Bxe4 11. Bxe7 Qxe7 12. Ne1 Bxg2 13. Nxg2 c5 14. d5 a4 15. Rc1 exd5 16. Qxd5 Nc6 17. Qd1 a3 18. b3 Nb4 19. Qd2 Qe5 20. Rb1 d5 21. Rfd1 dxc4 22. bxc4 h6 23. Nf4 Qe4 24. Nd5 Rfd8 25. Qf4 Qxe2 26. Re1 Nxd5 27. Rxe2 Nxf4 28. gxf4 Ra6 29. Rb3 Rd4 30. Re8+ Kh7 31. Rb8 Rxf4 32. R8xb6 Rxb6 33. Rxb6 Rxc4 34. Rb3 Ra4 35. Kf1 Kg6 36. Rb5 c4 37. Ke2 c3 38. Rb3 Rc4 39. Kd1 Rd4+ 40. Kc1 Rd2 41. Rxc3 Rxa2 42. Rg3+ Kh7 43. Rf3 f6 44. Kb1 Re2 45. h4 Kg6 46. Rg3+ Kf7 0-1

[Event "Cracovia Chess Festival A 2021"]
[Site "Cracow"]
[Date "2022.01.02"]
[Round "7.27"]
[White "Sharma Isha"]
[Black "Kopylov, Daniel"]
[Result "1-0"]
[ECO "B89"]
[WhiteElo "2200"]
[BlackElo "2317"]
[Annotator "ChessBase"]
[PlyCount "57"]
[EventDate "2021.12.27"]
[EventCountry "POL"]
[SourceTitle "playchess.com"]
[Source "ChessBase"]
[SourceQuality "1"]
[TimeControl "40/5400+30:1800+30"]

1. e4 c5 2. Nf3 d6 3. d4 cxd4 4. Nxd4 Nf6 5. Nc3 Nc6 6. Bc4 e6 7. Be3 Be7 8. Qe2 O-O 9. O-O-O Qc7 10. Bb3 a6 11. g4 Nxd4 12. Rxd4 Nd7 13. g5 Nc5 14. Rg1 Bd7 15. Qh5 Rfc8 16. e5 g6 17. Qh3 dxe5 18. Rh4 h5 19. Rxh5 Nxb3+ 20. axb3 gxh5 21. g6 Bc5 22. gxf7+ Kf8 23. Bh6+ Ke7 24. Qh4+ Kd6 25. Ne4+ Kd5 26. Nxc5 Qxc5 27. Rd1+ Kc6 28. Be3 Qb5 29. Qe7 1-0

[Event "Cracovia Chess Festival A 2021"]
[Site "Cracow"]
[Date "2022.01.02"]
[Round "7.28"]
[White "Romero Calduch, Sergio"]
[Black "Koziorowicz, Michal"]
[Result "0-1"]
[ECO "B43"]
[WhiteElo "2199"]
[BlackElo "2309"]
[Annotator "ChessBase"]
[PlyCount "48"]
[EventDate "2021.12.27"]
[EventCountry "POL"]
[SourceTitle "playchess.com"]
[Source "ChessBase"]
[SourceQuality "1"]
[TimeControl "40/5400+30:1800+30"]

1. Nf3 e6 2. e4 c5 3. d4 cxd4 4. Nxd4 a6 5. Nc3 b5 6. e5 Bb7 7. Qg4 Qa5 8. Bf4 b4 9. Nd1 Ne7 10. Ne3 Ng6 11. Nc4 Qc5 12. O-O-O h5 13. Qg3 h4 14. Qe3 h3 15. Rg1 hxg2 16. Rxg2 Bxg2 17. Bxg2 Nc6 18. Nxc6 Qxc4 19. Bg5 Bc5 20. Qd2 O-O 21. Na5 Qxa2 22. Nb3 Rac8 23. Qxd7 Nxe5 24. Qd2 Nc4 0-1

[Event "Cracovia Chess Festival A 2021"]
[Site "Cracow"]
[Date "2022.01.02"]
[Round "7.30"]
[White "Stanisz, Patryk"]
[Black "Svendsen, Bertil"]
[Result "1-0"]
[ECO "E46"]
[WhiteElo "2158"]
[BlackElo "2251"]
[Annotator "ChessBase"]
[PlyCount "69"]
[EventDate "2021.12.27"]
[EventCountry "POL"]
[SourceTitle "playchess.com"]
[Source "ChessBase"]
[SourceQuality "1"]
[TimeControl "40/5400+30:1800+30"]

1. d4 Nf6 2. c4 e6 3. Nc3 Bb4 4. e3 O-O 5. Nge2 Re8 6. a3 Bf8 7. Ng3 d5 8. cxd5 exd5 9. Bd3 c5 10. dxc5 Bxc5 11. O-O Nc6 12. b4 Bf8 13. Nb5 g6 14. Bb2 Bg7 15. Rc1 a6 16. Nd4 Ne5 17. Be2 Bd7 18. Qb3 b5 19. Rfd1 Nc4 20. Nf3 Qb6 21. Bd4 Qb7 22. Qc3 Re6 23. Bxc4 dxc4 24. Ng5 Rc6 25. N5e4 Nxe4 26. Nxe4 Bf5 27. Bxg7 Bxe4 28. f3 Bd3 29. Bh6 f6 30. Rxd3 cxd3 31. Qxc6 d2 32. Qe6+ Kh8 33. Qxf6+ Kg8 34. Qe6+ Kh8 35. Rd1 1-0

[Event "Cracovia Chess Festival A 2021"]
[Site "Cracow"]
[Date "2022.01.02"]
[Round "7.31"]
[White "Nawin J J"]
[Black "Braeuning, Rudolf Wilhelm"]
[Result "1-0"]
[ECO "B36"]
[WhiteElo "2109"]
[BlackElo "2242"]
[Annotator "ChessBase"]
[PlyCount "88"]
[EventDate "2021.12.27"]
[EventCountry "POL"]
[SourceTitle "playchess.com"]
[Source "ChessBase"]
[SourceQuality "1"]
[TimeControl "40/5400+30:1800+30"]

1. e4 c5 2. Nf3 g6 3. d4 cxd4 4. Nxd4 Nc6 5. c4 Nf6 6. Nc3 d6 7. Be2 Nxd4 8. Qxd4 Bg7 9. Bg5 O-O 10. Qd2 Be6 11. O-O Qa5 12. Rad1 Rfc8 13. b3 a6 14. Bxf6 Bxf6 15. Nd5 Qxd2 16. Nxf6+ Kg7 17. Nh5+ gxh5 18. Rxd2 Rc5 19. f4 f6 20. Bf3 Ra7 21. Re1 b5 22. e5 dxe5 23. fxe5 f5 24. Bd5 Bf7 25. e6 Bg6 26. b4 Rcc7 27. c5 a5 28. a3 Kf6 29. Red1 h6 30. Bb3 Bh7 31. Rd8 axb4 32. axb4 Kg7 33. R1d7 Kf6 34. Rf8+ Kg6 35. Rxc7 Rxc7 36. Rb8 Ra7 37. Rxb5 Ra1+ 38. Kf2 Rc1 39. Bd5 Kf6 40. c6 Bg8 41. Rc5 Rxc5 42. bxc5 Bxe6 43. Bxe6 Kxe6 44. h4 Kd5 1-0

[Event "Cracovia Chess Festival A 2021"]
[Site "Cracow"]
[Date "2022.01.02"]
[Round "7.32"]
[White "Majek, Kacper"]
[Black "Salna, Aleksandras"]
[Result "0-1"]
[ECO "A01"]
[WhiteElo "2100"]
[BlackElo "2227"]
[Annotator "ChessBase"]
[PlyCount "138"]
[EventDate "2021.12.27"]
[EventCountry "POL"]
[SourceTitle "playchess.com"]
[Source "ChessBase"]
[SourceQuality "1"]
[TimeControl "40/5400+30:1800+30"]

1. b3 d5 2. Bb2 Bf5 3. Nf3 e6 4. g3 Nf6 5. Bg2 Be7 6. O-O h6 7. d3 O-O 8. Nbd2 Bh7 9. Qe1 c5 10. e4 Nc6 11. Qe2 Re8 12. Rfd1 a5 13. a4 Qc7 14. Re1 Bg6 15. h3 Bh5 16. Nb1 d4 17. Na3 Ne5 18. g4 Nxf3+ 19. Bxf3 Bg6 20. h4 Nd7 21. h5 Bh7 22. e5 f6 23. exf6 Bxf6 24. Nc4 Re7 25. Be4 Bxe4 26. Qxe4 Bg5 27. Bc1 Rf8 28. Ne5 Nxe5 29. Qxe5 Bxc1 30. Raxc1 Rf4 31. Qxc7 Rxc7 32. Re4 Rcf7 33. Rf1 Rxe4 34. dxe4 Rf3 35. Re1 Rf4 36. Kg2 Rxg4+ 37. Kh3 Rg5 38. f4 Rxh5+ 39. Kg3 Kf7 40. Rc1 b6 41. c3 dxc3 42. Rxc3 Rh1 43. Kf3 Rd1 44. Ke3 Rd4 45. Rc2 Rb4 46. Rc3 g5 47. Rd3 Rd4 48. Rc3 Kf6 49. Rc2 Rb4 50. Rc3 gxf4+ 51. Kxf4 e5+ 52. Kf3 Kg5 53. Re3 h5 54. Kg3 h4+ 55. Kf3 h3 56. Rd3 h2 57. Kg2 Kf4 58. Kxh2 Kxe4 59. Rh3 c4 60. bxc4 Rxc4 61. Rh6 Rb4 62. Kg3 Ke3 63. Rd6 e4 64. Kg4 Ke2 65. Kf5 e3 66. Ke5 Ke1 67. Kd5 e2 68. Kc6 Rxa4 69. Kxb6 Rf4 0-1

[Event "Cracovia Chess Festival A 2021"]
[Site "Cracow"]
[Date "2022.01.02"]
[Round "7.33"]
[White "Czernek, Tymon"]
[Black "Kolasinski, Krzysztof"]
[Result "1/2-1/2"]
[ECO "C18"]
[WhiteElo "2224"]
[BlackElo "2114"]
[Annotator "ChessBase"]
[PlyCount "64"]
[EventDate "2021.12.27"]
[EventCountry "POL"]
[SourceTitle "playchess.com"]
[Source "ChessBase"]
[SourceQuality "1"]
[TimeControl "40/5400+30:1800+30"]

1. e4 e6 2. d4 d5 3. Nc3 Bb4 4. e5 c5 5. a3 Bxc3+ 6. bxc3 Qa5 7. Bd2 Qa4 8. Qb1 c4 9. f4 Ne7 10. Nf3 Nbc6 11. Be2 h6 12. O-O Bd7 13. Qb2 O-O-O 14. Rfb1 b6 15. Qc1 Kb8 16. Be1 Rdf8 17. Nh4 Rfg8 18. Bg4 f5 19. exf6 gxf6 20. Bf3 f5 21. Bd1 Nc8 22. Nf3 Nd6 23. Ne5 Rg7 24. Bf3 Rhg8 25. Ra2 Be8 26. Bh4 Ne4 27. Qe3 Qa5 28. Nxc6+ Bxc6 29. Rb4 Qa6 30. a4 Qc8 31. Ra1 Qe8 32. Kh1 Kb7 1/2-1/2

[Event "Cracovia Chess Festival A 2021"]
[Site "Cracow"]
[Date "2022.01.02"]
[Round "7.34"]
[White "Luba, Lukasz"]
[Black "Konyves, Almos"]
[Result "1-0"]
[ECO "A22"]
[WhiteElo "2135"]
[BlackElo "2250"]
[Annotator "ChessBase"]
[PlyCount "53"]
[EventDate "2021.12.27"]
[EventCountry "POL"]
[SourceTitle "playchess.com"]
[Source "ChessBase"]
[SourceQuality "1"]
[TimeControl "40/5400+30:1800+30"]

1. c4 e5 2. Nc3 Nf6 3. g3 d5 4. cxd5 Nxd5 5. Bg2 Nb6 6. Nf3 Nc6 7. d3 Be7 8. O-O O-O 9. b3 Be6 10. Bb2 f5 11. Rc1 Bf6 12. e4 f4 13. gxf4 exf4 14. e5 Nxe5 15. Nxe5 Bxe5 16. Re1 Bxc3 17. Bxc3 Qg5 18. h4 Qg6 19. Re5 Bg4 20. h5 Bxd1 21. hxg6 Bg4 22. Re7 Rf6 23. Bxf6 gxf6 24. gxh7+ Kh8 25. Bxb7 Rd8 26. Rcxc7 Nd7 27. Rc8 1-0

[Event "Cracovia Chess Festival A 2021"]
[Site "Cracow"]
[Date "2022.01.02"]
[Round "7.35"]
[White "Gombocz, Ferenc Jr."]
[Black "Kotyk, Michael"]
[Result "1/2-1/2"]
[ECO "A14"]
[WhiteElo "2236"]
[BlackElo "2140"]
[Annotator "ChessBase"]
[PlyCount "52"]
[EventDate "2021.12.27"]
[EventCountry "POL"]
[SourceTitle "playchess.com"]
[Source "ChessBase"]
[SourceQuality "1"]
[TimeControl "40/5400+30:1800+30"]

1. c4 Nf6 2. g3 e6 3. Bg2 d5 4. Nf3 Be7 5. O-O O-O 6. b3 c5 7. Bb2 b6 8. e3 Nc6 9. Nc3 Ba6 10. Qe2 Rc8 11. d3 Qc7 12. Ne1 Rfd8 13. Nc2 Qb8 14. f4 d4 15. exd4 Nxd4 16. Nxd4 cxd4 17. Ne4 Bb7 18. f5 e5 19. Nxf6+ Bxf6 20. b4 Bxg2 21. Qxg2 Qd6 22. a3 Bg5 23. Qe4 Be3+ 24. Kg2 a5 25. b5 Re8 26. Rae1 Rcd8 1/2-1/2